[Event "*** Titled Tuesday Blitz"]
[Site "Chess.com"]
[Date "2018.09.04"]
[Round "6"]
[White "Alopekos"]
[Black "ramses135"]
[Result "0-1"]
[WhiteElo "2436"]
[BlackElo "2530"]
[TimeControl "180+2"]
[EndTime "14:51:38 PDT"]
[Termination "ramses135 won by resignation"]

1. e4 e5 2. Nf3 Nc6 3. Bb5 Nge7 4.
O-O g6 5. Nc3 Bg7 6. Nd5 O-O 7.
Re1 d6 8. d4 Nxd5 9. exd5 Nxd4 10. Nxd4 exd4 11. Qe2 Bd7 12. Bg5 Bxb5 13. Bxd8 Bxe2 14.
Be7 Bc4 15. Bxf8 Kxf8 16. Rad1 Bxd5 17. f3 c5 18. Kf2 Re8 19. g4 Rxe1 20. Rxe1 Bh6 21.
Kg3 Be3 22. a3 b5 23. h4 a5 24. f4 Be4 25. Re2 f5 26. gxf5 gxf5 0-1

[Event "*** Titled Tuesday Blitz"]
[Site "Chess.com"]
[Date "2018.09.04"]
[Round "6"]
[White "chessmaxusa"]
[Black "maziarbagheri"]
[Result "1-0"]
[WhiteElo "2499"]
[BlackElo "2312"]
[TimeControl "180+2"]
[EndTime "14:51:40 PDT"]
[Termination "chessmaxusa won by resignation"]

1. d4 d5 2. Nf3 Nf6 3. Bf4 c6 4. e3 Bf5 5. Be2 e6 6. O-O Bd6 7. Ne5 O-O 8. Nd2 Bxe5 9. Bxe5 Nbd7 10. Bg3 Re8 11. c4 Ne4 12. Nxe4 Bxe4 13. Qb3 Qb6 14. Rac1 Qxb3 15. axb3 Rac8 16. h3 f6 17. Rfe1 Kf7 18. f3 Bg6 19. Bf1 a6 20. e4 Nb6 21. Bd6 Red8 22. c5 Nd7 23. Ra1 Nf8 24. Ra4 Rd7 25. Rb4 Re8 26. Rb6 Rc8 27. Kf2 h6 28. Ke3 Nh7 29. h4 h5 30. Ra1 f5 31. e5 Ra8 32.
Ra4 Ke8 33. Rab4 Ra7 34. Bb8 Ra8 35. Rxb7 Nf8 36. Bd6 Rxb7 37. Rxb7 Nd7 38. Rb6 Nxb6 39. cxb6 f4+ 40. Kd2 1-0

[Event "*** Titled Tuesday Blitz"]
[Site "Chess.com"]
[Date "2018.09.04"]
[Round "6"]
[White "inegrepus"]
[Black "Mbneu"]
[Result "1/2-1/2"]
[WhiteElo "2203"]
[BlackElo "2265"]
[TimeControl "180+2"]
[EndTime "14:51:44 PDT"]
[Termination "Game drawn by agreement"]

1. d4 Nf6 2. c4 c5 3. d5 e6 4. Nc3 exd5 5. cxd5 d6 6. e4 g6 7. f4 Bg7 8. Bb5+ Nfd7 9. a4 a6 10. Bd3 O-O 11. Nf3 Re8 12. O-O Nf8 13. h3 f5 14. e5 dxe5 15. fxe5 Bxe5 16. Nxe5 Rxe5 17. Bf4 Re8 18. Bc4 Nbd7 19. a5 Ne5 20. b3 Nxc4 21. bxc4 Qf6 22. Rc1 Bd7 23. d6 Bc6 24. Nd5 Bxd5 25.
Qxd5+ Qe6 26. Qxb7 Nd7 27. Rfe1 Qf7 28. Rxe8+ Rxe8 29. Qxa6 Qf6 30. Kh1 Qd4 31. Bh6 Qh4 32. Bd2 Qf2 33. Bh6 Re1+ 34. Rxe1 Qxe1+ 35. Kh2 Qe5+ 36. Kh1 Qe1+ 37. Kh2 Qe5+ 38. Kh1 1/2-1/2

[Event "*** Titled Tuesday Blitz"]
[Site "Chess.com"]
[Date "2018.09.04"]
[Round "6"]
[White "jefferyx"]
[Black "Elshan1985"]
[Result "1-0"]
[WhiteElo "2799"]
[BlackElo "2732"]
[TimeControl "180+2"]
[EndTime "14:51:57 PDT"]
[Termination "jefferyx won by resignation"]

1. d4 d5 2. c4 c6 3. Nf3 Nf6 4. cxd5 cxd5 5. Nc3 Nc6 6. Bf4 Bf5 7. Qb3 Qb6 8. Qxb6 axb6 9. Nb5 Ra5 10. e3 e6 11. a3 Bb4+ 12. Kd1 Ne4 13. Bg3 h5 14. Rc1 Be7 15. Nd2 h4 16. Nxe4 Bxe4 17. Nd6+ Bxd6 18. Bxd6 Kd7 19. Bf4 h3 20. f3 hxg2 21. Bxg2 Bg6 22. Bf1 Rc8 23. h4 Bh5 24. Be2 Ne7 25. Kd2 Rxc1 26. Rxc1 Nc6 27. Rg1 g6 28. Rc1 Ra8 29. Rc3 f6 30. Rb3 e5 31. Bg3 exd4 32. Rxb6 dxe3+ 33.
Kxe3 Re8+ 34. Kf2 Nd4 35. Bd1 Kc8 36. Rxf6 Nf5 37. Ba4 Re3 38. Rf8+ 1-0

[Event "*** Titled Tuesday Blitz"]
[Site "Chess.com"]
[Date "2018.09.04"]
[Round "6"]
[White "jk13"]
[Black "DanielNaroditsky"]
[Result "0-1"]
[WhiteElo "2546"]
[BlackElo "2950"]
[TimeControl "180+2"]
[EndTime "14:51:59 PDT"]
[Termination "DanielNaroditsky won by checkmate"]

1. e4 e5 2. Nf3 Nc6 3. Bc4 Bc5 4. c3 Nf6 5. d3 a6 6. Bb3 Ba7 7. Nbd2 d6 8. O-O h6 9. Re1 g5 10. Nc4 g4 11. Nfd2 h5 12. Nf1 h4 13. Be3 g3 14. Bxa7 Rxa7 15. fxg3 hxg3 16. h3 Nh5 17. Qf3 Nf4 18. Nxg3 Qg5 19. Ne3 Ne7 20. Rf1 Bxh3 21. Kf2 Nxd3+ 22. Ke2 Nf4+ 23. Kd2 Bxg2 24. Nxg2 Nxg2+ 25. Kc2 Ne3+ 26. Kd3 Nxf1 27. Bxf7+ Kd8 28. Rxf1 Rf8 29. Qg2 c5 30. Qh3 Kc7 31. Ne2 Raa8 32. Qe6 Nc6 33. Kc4 Nd8 34. Qd5 Qe7 35. Ng3 Rxf7 36. Nf5 Qd7 37. Rd1 Qb5# 0-1

[Event "*** Titled Tuesday Blitz"]
[Site "Chess.com"]
[Date "2018.09.04"]
[Round "6"]
[White "dretch"]
[Black "ulises2013"]
[Result "1-0"]
[WhiteElo "2784"]
[BlackElo "2576"]
[TimeControl "180+2"]
[EndTime "14:52:05 PDT"]
[Termination "dretch won by resignation"]

1. d4 d5 2. c4 e6 3. Nc3 Nf6 4.
cxd5 exd5 5. Bg5 c6 6. e3 Bd6 7. Bd3 h6 8. Bh4 O-O 9. Nge2 Re8 10. Qc2 a5 11. a3 Na6 12. h3 Nc7 13. O-O Ne6 14. Rad1 Be7 15. f3 c5 16. Bb5 Rf8 17. dxc5 g5 18. Bf2 Bxc5 19. Ng3 Qb6 20. Nf5 h5 21. Be2 Rd8 22. Na4 Qa7 23. Nxc5 Qxc5 24. Qd2 Qf8 25. Qc3 d4 26. Nxd4 Nd5 27. Qc1 a4 28. Bc4 Ra5 29. Nb5 Qc5 30. e4 Qxb5 31. Bxb5 Rxb5 32. Rxd5 Nf4 33. Rxd8+ Kg7 34. Qxc8 1-0

[Event "*** Titled Tuesday Blitz"]
[Site "Chess.com"]
[Date "2018.09.04"]
[Round "6"]
[White "Cryptochess"]
[Black "colemman"]
[Result "1-0"]
[WhiteElo "2533"]
[BlackElo "2468"]
[TimeControl "180+2"]
[EndTime "14:52:08 PDT"]
[Termination "Cryptochess won by checkmate"]

1. e4 c5 2. Nf3 e6 3. d4 cxd4 4. Nxd4 Nf6 5. Nc3 Nc6 6. Nxc6 bxc6 7. Bd3 d5 8. O-O Be7 9. Bf4 O-O 10. Re1 d4 11.
Ne2 Nh5 12. e5 Nxf4 13. Nxf4 Rb8 14. Rb1 c5 15. Qg4 Bb7 16. Rbd1 Kh8 17. c3 Qb6 18. Bxh7 Kxh7 19. Qh5+ Kg8 20. Rd3 f6 21. Rh3 fxe5 22. Qh7+ Kf7 23. Qg6+ Kg8 24. Nxe6 Rf7 25. Qh7# 1-0

[Event "*** Titled Tuesday Blitz"]
[Site "Chess.com"]
[Date "2018.09.04"]
[Round "6"]
[White "chesstatour"]
[Black "gemarin"]
[Result "1-0"]
[WhiteElo "2000"]
[BlackElo "2093"]
[TimeControl "180+2"]
[EndTime "14:52:08 PDT"]
[Termination "chesstatour won on time"]

1. c4 c6 2. d4 d5 3. g3 Nf6 4. Bg2 Bf5 5. Nc3 e6 6. Nf3 Nbd7 7. O-O Be7 8. Ne5 Nxe5 9. dxe5 Nd7 10. cxd5 cxd5 11.
e4 dxe4 12. Qa4 O-O 13. Rd1 Nb6 14. Rxd8 Nxa4 15. Rxf8+ Bxf8 16. Nxa4 Rd8 17. Be3 Rd5 18.
Rc1 Rxe5 19. Rc8 b6 20. Nc3 f6 21. Bf4 Rc5 22. Rxf8+ 1-0

[Event "*** Titled Tuesday Blitz"]
[Site "Chess.com"]
[Date "2018.09.04"]
[Round "6"]
[White "Zarikovs1999"]
[Black "FMJoseHerrera"]
[Result "0-1"]
[WhiteElo "2181"]
[BlackElo "2409"]
[TimeControl "180+2"]
[EndTime "14:52:13 PDT"]
[Termination "FMJoseHerrera won by resignation"]

1. e4 c5 2. Nf3 e6 3. d4 cxd4 4. Nxd4 a6 5. c4 Qc7 6. a3 Nf6 7. Nc3 b6 8. Be3 Bb7 9. f3 d6 10. Be2 Nbd7 11. Qd2 Be7 12. O-O Rc8 13. b4 h5 14.
Rfc1 h4 15. a4 h3 16. g3 Ne5 17. a5 bxa5 18. Rxa5 O-O 19. Raa1 Qb8 20. Na4 d5 21. exd5 exd5 22. c5 Rfe8 23. Nb6 Rcd8 24. Bf4 Nh5 25.
Bxa6 Bxa6 26. Rxa6 Nxf4 27. Qxf4 Bf6 28. c6 Nd3 29.
Qxb8 Bxd4+ 30. Kf1 Rxb8 31. c7 Nxc1 32. cxb8=Q Rxb8 33. Nxd5 Rd8 34. Nf4 Be3 35. Nxh3 Rd1+ 36. Kg2 Rd2+ 37.
Kh1 Nd3 38. b5 Rd1+ 39. Kg2 Rd2+ 40. Kh1 Rb2 41. Ra3 Rb1+ 42. Kg2 Ne1+ 43. Kf1 Nc2+ 0-1

[Event "*** Titled Tuesday Blitz"]
[Site "Chess.com"]
[Date "2018.09.04"]
[Round "6"]
[White "Spring199"]
[Black "LordIron"]
[Result "1-0"]
[WhiteElo "2237"]
[BlackElo "2221"]
[TimeControl "180+2"]
[EndTime "14:52:23 PDT"]
[Termination "Spring199 won on time"]

1. d4 d5 2. Bf4 c6 3. e3 g6 4.
Bd3 Bg7 5. Nf3 Nf6 6. Nbd2 O-O 7. O-O Nbd7 8. Ne5 Nh5 9. Nxd7 Bxd7 10. Bg5 f6 11. Bh4 Qc8 12. c4 e5 13. cxd5 exd4 14. exd4 cxd5 15. Rc1 Qe8 16. Re1 Qf7 17. Qf3 g5 18.
Bg3 Nxg3 19. hxg3 f5 20. Rc7 Bxd4 21. Rxb7 Rab8 22. Rxb8 Rxb8 23. Nb3 Bxb2 24. Qe3 Bb5 25. Qxg5+ Bg7 26. Bxf5 Bd7 27. Re7 Qf6 28. Qxf6 Bxf6 29. Rxd7 1-0

[Event "*** Titled Tuesday Blitz"]
[Site "Chess.com"]
[Date "2018.09.04"]
[Round "6"]
[White "Aryangholami"]
[Black "Evandro_Barbosa"]
[Result "1-0"]
[WhiteElo "2728"]
[BlackElo "2473"]
[TimeControl "180+2"]
[EndTime "14:52:33 PDT"]
[Termination "Aryangholami won on time"]

1. Nf3 c5 2. e4 g6 3. c3 Bg7 4. d4 cxd4 5. cxd4 d5 6. e5 Bg4 7.
Nbd2 Bxf3 8. Nxf3 e6 9. Qb3 Qd7 10. h4 h5 11. Bg5 Ne7 12. Bb5 Nec6 13. O-O O-O 14. Rac1 a6 15. Bd3 Na5 16. Qb6 Nac6 17. Rc3 Qc8 18. Rfc1 Nd7 19. Qb3 Qb8 20. a3 Qa7 21.
Be3 Qb6 22. Qxb6 Nxb6 23. Rb3 Nc4 24. Bxc4 dxc4 25. Rxb7 Na5 26. Rc7 Rfc8 27. Rxc8+ Rxc8 28. Nd2 Bf8 29. b4 c3 30. Ne4 Nb7 31. Rxc3 Ra8 32.
Rc7 Nd8 33. Nf6+ Kg7 34. Bd2 Rb8 35. g3 Nb7 36. Nd7 1-0

[Event "*** Titled Tuesday Blitz"]
[Site "Chess.com"]
[Date "2018.09.04"]
[Round "6"]
[White "lexisvar"]
[Black "metra93"]
[Result "0-1"]
[WhiteElo "2440"]
[BlackElo "2507"]
[TimeControl "180+2"]
[EndTime "14:52:34 PDT"]
[Termination "metra93 won by resignation"]

1. e4 e6 2. d4 d5 3. e5 c5 4.
c3 Ne7 5. Nf3 Nec6 6. Bd3 b6 7.
Na3 Ba6 8. Bxa6 Nxa6 9. Nb5 Nc7 10. Bg5 Qd7 11. Nxc7+ Qxc7 12. O-O h6 13. Bh4 Be7 14.
Bxe7 Qxe7 15. Qa4 Qd7 16. dxc5 bxc5 17. Qa3 Qe7 18. Qa6 Qd7 19. Qa3 Qe7 20. Qa4 Qb7 21. b4 O-O 22. bxc5 Rab8 23. Rfe1 Qb5 24. Qa3 Rfc8 25.
Nd4 Qa5 26. Qxa5 Nxa5 27. Rab1 Rxb1 28. Rxb1 Rxc5 29. h4 Rxc3 30. Nb5 Rc2 31. Nxa7 Rxa2 32. Nc8 g5 33. hxg5 hxg5 34. Nd6 Nc4 35. Rb8+ Kg7 36.
Ne8+ Kg6 37. Nf6 Nxe5 38. Ne8 Ng4 39. f3 Ra1+ 0-1

[Event "*** Titled Tuesday Blitz"]
[Site "Chess.com"]
[Date "2018.09.04"]
[Round "6"]
[White "Yurovskykh_Oleksandr"]
[Black "dreamist"]
[Result "0-1"]
[WhiteElo "2430"]
[BlackElo "2650"]
[TimeControl "180+2"]
[EndTime "14:52:37 PDT"]
[Termination "dreamist won by resignation"]

1. d4 Nf6 2. Bg5 Ne4 3. Bf4 d5 4. e3 c5 5. Bd3 Nf6 6. c3 Nc6 7.
Nd2 e6 8. Ngf3 Be7 9. h3 O-O 10.
O-O b6 11. Ne5 Bb7 12. Nxc6 Bxc6 13. Qe2 Bd6 14. Bxd6 Qxd6 15. dxc5 bxc5 16. e4 e5 17. exd5 Qxd5 18. f3 Rad8 19. Be4 Qxd2 20. Qxd2 Rxd2 21. Bxc6 Rxb2 22. Rfe1 Rc8 23. Ba4 Rd8 24. Rad1 Rxd1 25. Rxd1 g6 26. Bb3 a5 27. Rd8+ Kg7 28. Ra8 Nh5 29.
Rxa5 Nf4 30. Rxc5 Rxg2+ 31. Kf1 Rg3 32. Bd1 Rxh3 33. Kg1 Rg3+ 34. Kf1 h5 35. Rxe5 h4 36. Re4 g5 37. Kf2 Rg2+ 38. Ke3 h3 0-1

[Event "*** Titled Tuesday Blitz"]
[Site "Chess.com"]
[Date "2018.09.04"]
[Round "6"]
[White "aa175"]
[Black "LuisFSiles"]
[Result "0-1"]
[WhiteElo "1947"]
[BlackElo "2179"]
[TimeControl "180+2"]
[EndTime "14:52:37 PDT"]
[Termination "LuisFSiles won by checkmate"]

1. d4 f5 2. h3 d5 3. Nf3 Nf6 4. Ne5 c5 5. g4 Nc6 6. g5 Ne4 7.
Nxc6 bxc6 8. dxc5 e5 9. h4 Bxc5 10. e3 O-O 11. Nd2 Qe7 12. c4 f4 13. cxd5 Nxf2 14.
Qb3 Kh8 15. Kxf2 fxe3+ 16. Ke1 exd2+ 17. Bxd2 cxd5 18. Bg2 Bf2+ 19. Ke2 Bg4+ 20. Kf1 Rab8 21. Qxd5 Rbd8 22. Qa5 Qd6 23. Bf3 Qd3+ 24. Be2 Qxe2+ 25. Kg2 Qf3+ 26. Kf1 Bb6+ 27. Ke1 Qe2# 0-1

[Event "*** Titled Tuesday Blitz"]
[Site "Chess.com"]
[Date "2018.09.04"]
[Round "6"]
[White "RU_B9"]
[Black "akretchetov"]
[Result "0-1"]
[WhiteElo "1995"]
[BlackElo "2231"]
[TimeControl "180+2"]
[EndTime "14:52:42 PDT"]
[Termination "akretchetov won on time"]

1. c4 e5 2. Nc3 Nf6 3. Nf3 Nc6 4.
e3 Bb4 5. Qc2 O-O 6. Nd5 d6 7.
a3 Ba5 8. b4 Bb6 9. Nxf6+ Qxf6 10. Bb2 a5 11. c5 Ba7 12. b5 Ne7 13. b6 Bb8 14. Be2 cxb6 15. cxb6 Bf5 16. d3 d5 17. O-O Nc6 18. e4 Be6 19. exd5 Bxd5 20. Rfe1 Bd6 21. Bc3 Qh6 22. h3 Rae8 23. Qb2 Qg6 24. Kf1 Kh8 25. Rad1 f5 26. Qb5 Qf7 27. Bxa5 Nxa5 28. Qxa5 Ra8 29. Qb5 Rxa3 30. Ra1 e4 0-1

[Event "*** Titled Tuesday Blitz"]
[Site "Chess.com"]
[Date "2018.09.04"]
[Round "6"]
[White "jeetjain"]
[Black "ShadyH9"]
[Result "1-0"]
[WhiteElo "2303"]
[BlackElo "2172"]
[TimeControl "180+2"]
[EndTime "14:52:43 PDT"]
[Termination "jeetjain won by resignation"]

1. e4 c5 2. Nf3 Nc6 3. Nc3 g6 4. d4 cxd4 5. Nxd4 Bg7 6. Nb3 Nf6 7.
Be2 O-O 8. O-O d6 9. Bg5 h6 10. Bh4 a5 11. a4 Be6 12. Kh1 Ne5 13. f4 Nc4 14. f5 Nxb2 15. Qc1 Bxb3 16. cxb3 Rc8 17.
Qxb2 Nxe4 18. f6 Bxf6 19. Bxf6 Nxf6 20. Qd2 Kg7 21. Bb5 Qb6 22. Rae1 Rc7 23. Rxf6 exf6 24.
Nd5 Qc5 25. Nxc7 Qxc7 26. Rd1 Rd8 27. Qd5 b6 28. Bc4 Rd7 29. h3 h5 30. Rf1 Qc5 31. Qf3 Qe5 32. Rd1 h4 33. Qc6 Re7 34. Qxb6 Qg3 35.
Qg1 Re3 36. Qf1 Qe5 37. Bd5 g5 38. Qf2 Qc3 39. Rf1 Rg3 40. Qf5 Re3 41. Qd7 Rg3 1-0

[Event "*** Titled Tuesday Blitz"]
[Site "Chess.com"]
[Date "2018.09.04"]
[Round "6"]
[White "farzadbfd"]
[Black "VladDobrov"]
[Result "0-1"]
[WhiteElo "2537"]
[BlackElo "2705"]
[TimeControl "180+2"]
[EndTime "14:52:49 PDT"]
[Termination "VladDobrov won by resignation"]

1. e4 c5 2. Nc3 Nc6 3. g3 g6 4. Bg2 Bg7 5. d3 d6 6. Be3 e5 7. Nge2 Nge7 8. O-O Be6 9. f4 Nd4 10. h3 O-O 11. Kh2 Qd7 12. Qd2 f5 13. fxe5 dxe5 14. Rae1 Rf7 15. Nd1 Raf8 16. c3 Nxe2 17.
Qxe2 b6 18. Bg5 f4 19. g4 Nc6 20. b3 h6 21. Bh4 g5 22. Bf3 gxh4 23. Nf2 Bf6 24.
Rd1 Bg5 25. Qb2 Rd8 26. Rd2 Qc7 27. Rfd1 Rfd7 28. Kg2 Ne7 29. Kf1 Ng6 30. Ke2 Nh8 31. d4 exd4 32. cxd4 cxd4 33. Rxd4 Rxd4 34. Rxd4 Rxd4 35.
Qxd4 Nf7 36. Nd3 Qc2+ 37. Kf1 Qxa2 38. b4 Qc4 39. Qxc4 Bxc4 40. Be2 f3 41. Bxf3 Bxd3+ 42. Kf2 Ne5 43. Bd1 0-1

[Event "*** Titled Tuesday Blitz"]
[Site "Chess.com"]
[Date "2018.09.04"]
[Round "6"]
[White "NemtsevIgor"]
[Black "menor31"]
[Result "0-1"]
[WhiteElo "2378"]
[BlackElo "2456"]
[TimeControl "180+2"]
[EndTime "14:52:52 PDT"]
[Termination "menor31 won by resignation"]

1. d4 Nf6 2. Bf4 d6 3. Nf3 Nbd7 4. e3 g6 5. Be2 Bg7 6. O-O O-O 7. h3 c6 8. c4 Qb6 9. Qc2 Re8 10. Bh2 Qa5 11.
a3 e5 12. b4 Qd8 13. Nc3 Qe7 14. c5 dxc5 15. dxe5 Nd5 16. Nxd5 cxd5 17. bxc5 Nxe5 18. Nxe5 Bxe5 19. Bxe5 Qxe5 20. Bf3 Re7 21. Rfd1 Be6 22.
Rab1 Rc8 23. Rb4 b6 24. c6 Rec7 25. Rbd4 Rxc6 26. Qa4 Rc4 27. Qxa7 Rxd4 28. exd4 Qd6 29. Rb1 Rc3 30. a4 Rc4 31. a5 bxa5 32. Qxa5 Rxd4 33.
Qa7 Rc4 34. Qa8+ Kg7 35. g4 h5 36. gxh5 Qf4 37. Bxd5 Qg5+ 38. Bg2 Bxh3 39. Qf3 Bxg2 40. h6+ Kxh6 41. Qxg2 Rg4 0-1

[Event "*** Titled Tuesday Blitz"]
[Site "Chess.com"]
[Date "2018.09.04"]
[Round "6"]
[White "ItalianMachine"]
[Black "Supernotar"]
[Result "0-1"]
[WhiteElo "2297"]
[BlackElo "2452"]
[TimeControl "180+2"]
[EndTime "14:52:52 PDT"]
[Termination "Supernotar won by resignation"]

1. e4 c6 2. d4 d5 3. Nc3 dxe4 4. Nxe4 Bf5 5. Ng3 Bg6 6. h4 h6 7. h5 Bh7 8. Nf3 Nd7 9. Bd3 Bxd3 10. Qxd3 Ngf6 11. Bf4 e6 12. O-O-O Be7 13. Kb1 O-O 14. Rhe1 a5 15. Ne5 a4 16. Qf3 a3 17. b3 Nd5 18.
Bd2 Nxe5 19. dxe5 Qb6 20. Qg4 Kh7 21. c4 Nb4 22. Ne4 Rad8 23. Be3 Qc7 24. Bd4 Rxd4 25. Rxd4 Qxe5 26. Rd2 Kh8 27. Qf3 f5 28. Qc3 Qf4 29.
g3 Qc7 30. Nc5 Bxc5 31. Rxe6 f4 32. gxf4 Qxf4 33. Rg6 Qf5+ 34. Kc1 Rf7 35. Rd8+ Kh7 36. Rxh6+ Kxh6 37. Rh8+ Kg5 38. Qd2+ Qf4 0-1

[Event "*** Titled Tuesday Blitz"]
[Site "Chess.com"]
[Date "2018.09.04"]
[Round "6"]
[White "A-Fier"]
[Black "biostatistician"]
[Result "1-0"]
[WhiteElo "2759"]
[BlackElo "2475"]
[TimeControl "180+2"]
[EndTime "14:52:54 PDT"]
[Termination "A-Fier won by resignation"]

1. e4 e6 2. d4 d5 3. Nd2 Nc6 4. Ngf3 Nf6 5. e5 Ne4 6. Bd3 Nxd2 7. Bxd2 Nb4 8. Bxb4 Bxb4+ 9. c3 Be7 10. h4 c5 11.
h5 Bd7 12. h6 g6 13. Qd2 Qb6 14. dxc5 Bxc5 15. O-O Bb5 16. Bxb5+ Qxb5 17. Nd4 Qb6 18. Nb3 Be7 19. Qf4 Rc8 20. Rad1 Rc4 21. Rd4 Rxd4 22.
cxd4 O-O 23. Rc1 Qd8 24. Rc3 b6 25. Qg3 Qd7 26. Nd2 Rc8 27. Nf1 Bf8 28. Qf4 Rxc3 29. bxc3 Qa4 30. Qd2 Qb5 31. g4 Qb1 32. Kg2 b5 33.
Nh2 a5 34. Nf3 Qe4 35. Kg3 Qb1 36. Qf4 Be7 37. Kg2 Qe4 38. Qxe4 dxe4 39. Nd2 Bg5 40. Nxe4 Bxh6 41. Kf3 Bc1 42. g5 Kg7 43. Ke2 h5 44.
gxh6+ Kxh6 45. Nd6 b4 46. cxb4 axb4 47. Nxf7+ Kh5 48.
Nd8 Kg5 49. Nxe6+ Kf5 50. Nc5 Bb2 51. Kd3 g5 52. e6 Kf6 53. d5 g4 54. Ke4 Bc1 55. d6 Bh6 56. d7 Ke7 57. Nb7 1-0

[Event "*** Titled Tuesday Blitz"]
[Site "Chess.com"]
[Date "2018.09.04"]
[Round "6"]
[White "Saitama_Hero"]
[Black "Manukyan_Artak"]
[Result "0-1"]
[WhiteElo "2185"]
[BlackElo "2302"]
[TimeControl "180+2"]
[EndTime "14:52:56 PDT"]
[Termination "Manukyan_Artak won by resignation"]

1. b3 Nf6 2. Bb2 g6 3. Nf3 Bg7 4. g3 O-O 5. Bg2 d5 6. O-O c5 7. e3 a5 8. c4 Nc6 9. cxd5 Nxd5 10. Bxg7 Kxg7 11. Qc1 Qd6 12. Na3 b6 13. Nc4 Qc7 14.
Qb2+ Nf6 15. Rfc1 Bb7 16. d4 cxd4 17. Nxd4 Nxd4 18. Qxd4 Bxg2 19. Kxg2 Rfd8 20. Qxb6 Qd7 21. Rc2 Qf5 22. Rac1 a4 23. bxa4 h5 24. f3 h4 25. Qb5 h3+ 26. Kf2 Rd5 27. Qb2 Kh7 28. Nd2 Ng4+ 29. Kg1 Nxe3 30. Rc3 Rad8 31. Ne4 Rd1+ 32.
Rxd1 Nxd1 33. Qc2 Nxc3 34. Qxc3 f6 35. a5 Rd1+ 36. Kf2 Qd5 37. Qb4 Qxa2+ 0-1

[Event "*** Titled Tuesday Blitz"]
[Site "Chess.com"]
[Date "2018.09.04"]
[Round "6"]
[White "Sethu0025"]
[Black "michaelk123"]
[Result "1-0"]
[WhiteElo "2693"]
[BlackElo "2494"]
[TimeControl "180+2"]
[EndTime "14:52:59 PDT"]
[Termination "Sethu0025 won by resignation"]

1. e4 c6 2. d4 d5 3. e5 Bf5 4. Nf3 e6 5. Be2 Ne7 6. O-O h6 7. Nbd2 a5 8. a4 Nd7 9. Nb3 Bg6 10. Bd2 Nf5 11. h3 Be7 12. g4 Nh4 13. Nxh4 Bxh4 14.
f4 Be4 15. Bf3 f5 16. exf6 Nxf6 17. Nc5 Kf7 18. g5 hxg5 19. fxg5 Qd6 20. Bxe4 dxe4 21. Bf4 Qd5 22. gxf6 gxf6 23. Kh2 Rag8 24. Qe2 Qf5 25. Nxe4 Bg3+ 26. Bxg3 Qxh3+ 27. Kg1 Qh1+ 28. Kf2 Rh2+ 29. Bxh2 Rg2+ 30. Kf3 Rg1+ 31. Ke3 1-0

[Event "*** Titled Tuesday Blitz"]
[Site "Chess.com"]
[Date "2018.09.04"]
[Round "6"]
[White "Winehouse83"]
[Black "GadimbayliA"]
[Result "0-1"]
[WhiteElo "2471"]
[BlackElo "2678"]
[TimeControl "180+2"]
[EndTime "14:53:04 PDT"]
[Termination "GadimbayliA won by resignation"]

1. d4 Nf6 2. c4 e6 3. Nf3 b6 4.
a3 Bb7 5. Nc3 d5 6. cxd5 Nxd5 7.
Qc2 Nxc3 8. bxc3 c5 9. e4 Be7 10. Bb5+ Bc6 11. Bxc6+ Nxc6 12. Qa4 Qd7 13. Be3 O-O 14.
Rd1 Rfd8 15. d5 exd5 16. exd5 Na5 17. Qe4 Bf6 18. c4 Qa4 19. Nd2 Bc3 20. Rc1 Bxd2+ 21. Kxd2 Nb3+ 22. Ke2 Nxc1+ 23. Rxc1 Qxa3 24. h4 Re8 25. Qc2 Qa6 26. Rb1 Rab8 27. h5 h6 28. Rb5 Rbd8 29.
Qb2 Qa4 30. Qb3 Qa1 31. Qd3 Qe5 32. g4 Qf4 33. f3 Rxe3+ 34. Qxe3 Qxc4+ 35. Qd3 Qxd3+ 36. Kxd3 Rxd5+ 37. Kc3 Rd4 38. Rb1 Rf4 0-1

[Event "*** Titled Tuesday Blitz"]
[Site "Chess.com"]
[Date "2018.09.04"]
[Round "6"]
[White "Haykos"]
[Black "Genghis_K"]
[Result "0-1"]
[WhiteElo "2543"]
[BlackElo "2851"]
[TimeControl "180+2"]
[EndTime "14:53:07 PDT"]
[Termination "Genghis_K won by resignation"]

1. e4 c5 2. Nf3 d6 3. Bb5+ Nc6 4. O-O Bd7 5. Re1 Nf6 6. c3 a6 7. Bxc6 Bxc6 8. d4 Bxe4 9. Bg5 Bg6 10. Qb3 Qc7 11.
dxc5 dxc5 12. Na3 e6 13. Qa4+ Qd7 14. Qh4 Be7 15. Ne5 Qd5 16. Rad1 Qxa2 17. Nxg6 fxg6 18. Ra1 Qd5 19. Nc4 Rd8 20. Re5 Qd7 21. Rae1 O-O 22.
Qh3 b5 23. Qxe6+ Rf7 24. Qxd7 Rxd7 25. Nb6 Rd8 26. h3 h6 27. Rxe7 Rxe7 28. Rxe7 hxg5 29.
Re5 Rd1+ 30. Kh2 c4 31. Re2 Rd8 32. g4 Kf7 33. b3 Rb8 34. Nxc4 bxc4 35. bxc4 Rc8 0-1

[Event "*** Titled Tuesday Blitz"]
[Site "Chess.com"]
[Date "2018.09.04"]
[Round "6"]
[White "rasmussvane"]
[Black "area_5"]
[Result "0-1"]
[WhiteElo "2669"]
[BlackElo "2591"]
[TimeControl "180+2"]
[EndTime "14:53:07 PDT"]
[Termination "area_5 won by checkmate"]

1. Nf3 e6 2. g3 g5 3. Bg2 g4 4. Ne5 h5 5. h3 d6 6. Nd3 gxh3 7. Rxh3 e5 8. Rh1 h4 9. c3 h3 10. Bf3 f5 11. e4 Nf6 12. exf5 e4 13.
Bxe4 Nxe4 14. Qa4+ Kf7 15. Qxe4 Nc6 16. Qd5+ Kg7 17. Nf4 Qf6 18. g4 Qe5+ 19. Qxe5+ dxe5 20. Nxh3 e4 21. Kf1 Ne5 22. d3 exd3 23. f3 Nxf3 24. Bf4 Bd7 25. Kf2 Bc6 26. Kg3 Re8 27. Rf1 Re2 28. c4 Rh2 29. Nf2 Be7 30. g5 Nxg5 31.
Nd2 Rg2# 0-1

[Event "*** Titled Tuesday Blitz"]
[Site "Chess.com"]
[Date "2018.09.04"]
[Round "6"]
[White "LawrenceTrent"]
[Black "GHANDEEVAM2003"]
[Result "0-1"]
[WhiteElo "2550"]
[BlackElo "2696"]
[TimeControl "180+2"]
[EndTime "14:53:10 PDT"]
[Termination "GHANDEEVAM2003 won by resignation"]

1. e4 e6 2. d4 d5 3. Nd2 Nf6 4. e5 Ne4 5. Bd3 Nxd2 6. Bxd2 c5 7. dxc5 Nc6 8. Nf3 Bxc5 9. O-O a6 10. a3 b5 11. b4 Be7 12. c3 Qb6 13. a4 Rb8 14.
axb5 axb5 15. Be3 Qc7 16. Re1 Bd7 17. Qb1 h6 18. Re2 O-O 19. Qc1 f5 20. h4 Be8 21.
Nd4 Nxe5 22. Nxe6 Nxd3 23. Qd2 Qc4 24. Nxf8 Bxf8 25. Rd1 Bh5 26. f3 f4 27. Bd4 Bg6 28. h5 Bf5 29. Ra1 Bxb4 30. Ra7 Qxd4+ 31. cxd4 Bxd2 32.
Rxd2 b4 33. Ra1 b3 34. Rb1 b2 35. Kh2 Rc8 36. Rbxb2 Nxb2 37. Rxb2 Rc4 38. Rd2 Be6 39. Re2 Kf7 40. Rd2 Kf6 0-1

[Event "*** Titled Tuesday Blitz"]
[Site "Chess.com"]
[Date "2018.09.04"]
[Round "6"]
[White "Aklanion"]
[Black "Rashad_Zeynalli"]
[Result "1-0"]
[WhiteElo "2158"]
[BlackElo "2351"]
[TimeControl "180+2"]
[EndTime "14:53:12 PDT"]
[Termination "Aklanion won by resignation"]

1. e4 d6 2. d4 Nf6 3. Nc3 g6 4. f4 Bg7 5. Nf3 O-O 6. e5 dxe5 7.
fxe5 Nd5 8. Bc4 Be6 9. Nxd5 Bxd5 10. Bxd5 Qxd5 11. Qe2 b5 12. c3 a6 13. O-O c5 14. Be3 cxd4 15. cxd4 Nd7 16. Bf2 Rac8 17. a4 f6 18. axb5 axb5 19. Ra5 Rb8 20. Rd1 Qc4 21. Qe1 fxe5 22. dxe5 Rxf3 23. Rxd7 Rxf2 24. Qxf2 Rf8 25. Qe1 Qc5+ 26. Kh1 Qb4 27. Ra1 Qxb2 28. Rxe7 b4 29. h3 b3 30. Raa7 Bh8 31. Rxh7 Qxe5 32. Qb1 Qf5 33.
Qxb3+ Rf7 34. Qxf7+ 1-0

[Event "*** Titled Tuesday Blitz"]
[Site "Chess.com"]
[Date "2018.09.04"]
[Round "6"]
[White "Eagle_pada"]
[Black "Sanan_Sjugirov"]
[Result "1-0"]
[WhiteElo "2686"]
[BlackElo "2861"]
[TimeControl "180+2"]
[EndTime "14:53:16 PDT"]
[Termination "Eagle_pada won by resignation"]

1. d4 Nf6 2. c4 e6 3. Nf3 b6 4.
Nc3 Bb4 5. e3 Bb7 6. Bd3 O-O 7.
O-O d5 8. cxd5 exd5 9. a3 Bd6 10. b4 a6 11. Qb3 Qe7 12. Bb2 Re8 13. Rfe1 Nbd7 14.
Rad1 Rab8 15. b5 axb5 16. Nxb5 c5 17. Qc3 c4 18. Bf5 Bc6 19. Nxd6 Qxd6 20. Ne5 Ba4 21. Rc1 Nf8 22. e4 g6 23. Bg4 b5 24.
Nxf7 Qf4 25. g3 Nxe4 26. gxf4 Nxc3 27. Nh6+ Kg7 28. Bxc3 Kxh6 29. Re5 b4 30. axb4 Nd7 31. Bxd7 Bxd7 32. Rxd5 Bf5 33. Rc5 Bd3 34. d5 Red8 35.
f3 Rd7 36. Ra1 Re8 37. b5 Re2 38. b6 Rc2 39. Ra7 Rxc3 40. Rxd7 Rb3 41. b7 c3 42. Rxc3 1-0